 Dungeon Crawl Stone Soup version 0.21-a0-94-gdd6ab6a (webtiles) character file.

28 sagitran the Bolt Thrower (level 3, 0/22 HPs)
             Began as a Kobold Hunter on July 3, 2017.
             Slain by a leopard gecko (2 damage)
             ... on level 3 of the Dungeon.
             The game lasted 00:04:28 (601 turns).

sagitran the Bolt Thrower (Kobold Hunter)            Turns: 601, Time: 00:04:28

Health: 0/22       AC:  3    Str:  9    XL:     3   Next: 30%
Magic:  3/3        EV: 14    Int: 12    God:
Gold:   10         SH:  0    Dex: 16    Spells: 2/2 levels left

rFire    . . .     SeeInvis .   b - +0 short sword
rCold    . . .     Gourm    .   (shield restricted)
rNeg     . . .     Faith    .   c - +0 leather armour
rPois    .         Spirit   .   (no helmet)
rElec    .         Reflect  .   (no cloak)
rCorr    .         Harm     .   (no gloves)
MR       +....                  (no boots)
Stlth    ++........             o - amulet of magic regeneration
HPRegen  0.07/turn              m - ring of protection from magic
MPRegen  0.33/turn              (no ring)

@: no status effects
A: carnivore 3
a: no special abilities


You were on level 3 of the Dungeon.
You were not hungry.

You visited 1 branch of the dungeon, and saw 3 of its levels.

You collected 10 gold pieces.

Inventory:

Hand Weapons
 a - a +1 hand crossbow
 b - a +0 short sword (weapon)
Missiles
 d - 19 bolts
 e - 38 stones (quivered)
Armour
 c - a +0 leather armour (worn)
Jewellery
 m - a ring of protection from magic (left hand)
 o - an amulet of magic regeneration (around neck)
Scrolls
 g - 2 scrolls of immolation {unknown}
 i - a scroll of blinking {unknown}
 l - a scroll of teleportation {unknown}
 n - a scroll of fog {unknown}
Potions
 h - a potion of brilliance {unknown}
 j - 2 potions of curing {unknown}
 k - a potion of degeneration {unknown}
Comestibles
 f - a meat ration


   Skills:
 + Level 2.3 Fighting
 + Level 0.3 Short Blades
 + Level 5.7 Crossbows
 + Level 0.1 Armour
 + Level 2.4 Dodging
 + Level 1.7 Stealth


You had 2 spell levels left.
You didn't know any spells.

Dungeon Overview and Level Annotations

Branches:
Dungeon (3/15)

Altars:


Innate Abilities, Weirdness & Mutations

You are small and have problems with some larger weapons.
You are carnivorous and can eat meat at any time.


Message History

You open the door.
The leopard gecko falls off the door.
A leopard gecko comes into view.
Found a fizzy grey potion and a spear.
You closely miss the leopard gecko. The leopard gecko closely misses you.
The leopard gecko bites you but does no damage.
You closely miss the leopard gecko. The leopard gecko bites you.
You hit the leopard gecko.
The leopard gecko is lightly wounded.
The leopard gecko bites you but does no damage.
You hit the leopard gecko.
The leopard gecko is moderately wounded.
The leopard gecko bites you.
* * * LOW HITPOINT WARNING * * *
The leopard gecko misses you.
You hit the leopard gecko.
The leopard gecko is almost dead.
The leopard gecko bites you.
* * * LOW HITPOINT WARNING * * *
The leopard gecko bites you.
You die...

### ###..#
#....###.
####
##........
...
#.........
..
#@........
.#
##l#......
.#
...######
.# ....# g#
......
.####...
.!.....#
l.....$.
........)
########
#........##
.....(


You could see a leopard gecko.

Vanquished Creatures
  A worm (D:2)
  An orc (D:3)
  A giant cockroach (D:1)
  4 goblins (D:1)
  3 hobgoblins (D:1)
  3 jackals (D:2)
  2 bats (D:1)
  A frilled lizard (D:1)
  4 kobolds (D:1)
  A rat (D:3)
21 creatures vanquished.

Notes
Turn   | Place    | Note
-------+----------+-------------------------------------------
     0 | D:1      | sagitran the Kobold Hunter began the quest for the Orb.
     0 | D:1      | Reached XP level 1. HP: 12/12 MP: 1/1
    67 | D:1      | Reached skill level 5 in Crossbows
   198 | D:1      | Reached XP level 2. HP: 17/17 MP: 2/2
   468 | D:2      | Reached XP level 3. HP: 20/21 MP: 3/3
   601 | D:3      | Slain by a leopard gecko

Vault maps used:
D:1:      dpeg_arrival_more_subterranean_lakeside_camping
D:2:      ashenzari_conservatory_becter, grunt_temple_overflow_open,
          uniq_jessica
D:3:      nicolae_overflow_hidden_temple, makhleb_altar_promises_db,
          lightli_sewer_entry_pipes

Skill      XL: |  1 |
---------------+----+-----
Crossbows      | 5 |  5.7
Fighting       | |  2.3
Short Blades   | |  0.3
Armour         | |  0.1
Dodging        | |  2.4
Stealth        | |  1.7

Action                   || total
-------------------------++-------
Melee: Short sword       ||    65
 Fire: Hand crossbow     ||    13
Throw: Stone             ||     7
Armor: Leather armour    ||    14
Dodge: Dodged            ||    42
